 Dungeon Sprint DCSS version 0.31-a0-1612-g4aaf141004 (webtiles) character file.

Game seed: 7089077601442990283

322 Conn the Arsonist (level 6, -12/36 HPs)
             Began as an Octopode Fire Elementalist on Jan 9, 2024.
             Was an Initiate of Sif Muna.
             Mangled by a tentacle (16 damage)
             ... attached to a kraken
             ... in the Dungeon (Sprint II: "The Violet Keep of Menkaure").
             The game lasted 00:01:29 (89 turns).

Conn the Arsonist (Octopode Fire Elementalist)        Turns: 89, Time: 00:01:30

Health: -12/36     AC:  1    Str:  7    XL:     6   Next: 47%
Magic:  8/14       EV: 15    Int: 20    God:    Sif Muna [......]
Gold:   243        SH:  0    Dex: 12    Spells: 14/15 levels left

rFire   . .          .
                       - Unarmed
rCold   . . .        (no shield)
rNeg    . . .        (helmet restricted)
rPois   .            (no amulet)
rElec   .            (no ring)
rCorr   .            (no ring)
SInv    .            (no ring)
Will    .....        (no ring)
Stlth   +++++        (no ring)
HPRegen 0.26/turn    (no ring)
MPRegen 0.14/turn    (no ring)
                     (no ring)

%: no teleportation
@: no status effects
A: almost no armour, amphibious, 8 rings, camouflage 1, gelatinous body 1,
nimble swimmer 1, tentacles
a: Renounce Religion


You were in the Dungeon.
You worshipped Sif Muna.
Sif Muna was noncommittal.
You visited 1 branch You collected 243 gold pieces.

Inventory:

Scrolls
 f - a scroll of blinking
Potions
 a - 3 potions of magic
 b - a potion of curing


   Skills:
 + Level 5.6 Dodging
 - Level 5.0 Stealth
 - Level 1.2 Unarmed Combat
 + Level 5.4 Spellcasting
 * Level 6.3 Conjurations
 + Level 8.4 Fire Magic


You had 14 spell levels left.
You knew the following spells:

 Your Spells              Type           Power      Damage    Failure   Level
a - Foxfire               Conj/Fire      100%       2x1d9     1%          1

Your spell library contained the following spells:

 Spells                   Type           Power      Damage    Failure   Level
 Scorch                   Fire           78%        2d8       1%          2
 Flame Wave               Conj/Fire      35%        2d10      5%          4
 Inner Flame              Hex/Fire       22%        N/A       6%          3
 Volatile Blastmotes      Fire/Tloc      44%        2d13      6%          3


Dungeon Overview and Level Annotations

Branches:
Dungeon (1/1)

Altars:
Cheibriados
Dithmenos
Elyvilon
Fedhas
Gozag
Hepliaklqana
Kikubaaqudgha
Makhleb
Nemelex Xobeh
Okawaru
Qazlal
Ru
Sif Muna
Trog
Uskayaw
Vehumet
Wu Jian
Xom
Yredelemnul
Zin
The Shining One
Jiyva
Lugonu


Innate Abilities, Weirdness & Mutations

You cannot wear most types of armour.
You are amphibious.
You can wear up to eight rings at the same time.
Your skin changes colour to match your surroundings (Stealth+).
Your rubbery body absorbs attacks. (AC +1, EV +1)
You are camouflaged when in or above water. (Stealth+)
You have tentacles for arms and can constrict up to eight enemies at once.


Message History

Menkaure is engulfed in a cloud of scalding steam.
You destroy Menkaure!
Your Spellcasting skill increases to level 5!
Your Conjurations skill increases to level 6!
Unknown command.
Found a shimmering altar of Xom and a sacrificial altar of Ru.
You feel yourself slow down.
Found four altars.
Your foxfire dissipates!
Found three altars.
Your foxfire dissipates! x2
Found three altars.
You enter the shallow water.
Found three altars.
Unknown command.
Found a sparkling altar of Nemelex Xobeh and a blossoming altar of Fedhas.
You open the door.
Found four items.
Found four altars.
There is an open door here.
Found six items.
Found a roughly hewn altar of Beogh.
Found a golden ring, 11 gold pieces and a ring mail.
There is a basalt altar of Yredelemnul here.
You recover from your berserk rage.
There is a shimmering blue altar of Sif Muna here.
You curl up in front of the altar of Sif Muna.
Sif Muna welcomes you!
There is a shimmering altar of Xom here.
There is an open door here.
You enter the shallow water.
Found a leather armour and a scroll labelled ZADIRO MEONKIY.
Found eleven items.
Found five items.
Found five items.
A kraken comes into view.
A tentacle rises from the water!
A tentacle comes into view.
The tentacle slaps you! The tentacle slaps you!
* * * LOW HITPOINT WARNING * * *
The tentacle slaps you!
You die...

### +^### ○▓?$!=!???▓▓ ..#
...# #▓)$(!?[$$▓▓ ..##
#.^# #▓$$($[![)▓▓ #..#
+..# #▓$($)[$!?▓▓ #..#
#^.# #▓!$$!$$$[▓▓
'..####..####▓)!?!=?[$▓▓
#....###...##▓▓▓▓▓▓▓+▓▓▓▓+
#......~~~~~~~~~@w~~──wX≈≈
~~.....~#'########+###Vww≈
~§~~~..~#..._._._#l~§# ≈
~§~~~~.~#_._._._.#l~§≈#
≈§≈~~~~~#._._._._#§~§~§#
~≈≈≈≈~~~#_._._._.#~~~≈§≈
≈≈≈≈≈§§~#._._._..#~~§~~§
≈≈≈###≈§#_._._...#~~§~≈l
#≈§#._._....#§


You could see a kraken, 3 tentacles and 3 crocodiles.

Vanquished Creatures
  Menkaure (D)
  4 scorpions (D)
5 creatures vanquished.

Vanquished Creatures (others)
  A crocodile (D)
  8 foxfires (D)
9 creatures vanquished.

Grand Total: 14 creatures vanquished

Notes
Turn   | Place    | Note
-------+----------+-------------------------------------------
     0 | D        | Conn the Octopode Fire Elementalist began the quest for the
                  | Orb.
     0 | D        | Reached XP level 1. HP: 11/11 MP: 3/3
     1 | D        | Noticed a merfolk siren
     5 | D        | Noticed a scorpion
     5 | D        | Noticed a scorpion
    12 | D        | Noticed a boulder beetle
    12 | D        | Noticed a boulder beetle
    24 | D        | Killed a scorpion
    25 | D        | Reached skill level 6 in Fire Magic
    25 | D        | Reached XP level 2. HP: 16/17 MP: 3/6
    25 | D        | Reached XP level 3. HP: 19/21 MP: 3/7
    27 | D        | Killed a scorpion
    28 | D        | Reached skill level 1 in Unarmed Combat
    28 | D        | Reached skill level 7 in Fire Magic
    28 | D        | Reached XP level 4. HP: 22/27 MP: 3/10
    30 | D        | Noticed a scorpion
    30 | D        | Noticed a scorpion
    34 | D        | Killed a scorpion
    35 | D        | Reached skill level 5 in Stealth
    35 | D        | Reached XP level 5. HP: 21/31 MP: 4/11
    39 | D        | Reached skill level 5 in Dodging
    39 | D        | Reached skill level 5 in Conjurations
    39 | D        | Reached skill level 8 in Fire Magic
    39 | D        | Reached XP level 6. HP: 25/36 MP: 4/13
    58 | D        | Noticed Menkaure
    58 | D        | Found a glowing golden altar of the Shining One.
    58 | D        | Found an ornate altar of the Wu Jian Council.
    61 | D        | Killed Menkaure
    62 | D        | Reached skill level 5 in Spellcasting
    62 | D        | Found a shimmering altar of Xom.
    62 | D        | Found a sacrificial altar of Ru.
    63 | D        | Found a basalt altar of Yredelemnul.
    63 | D        | Found a shimmering blue altar of Sif Muna.
    63 | D        | Found a stormy altar of Qazlal.
    63 | D        | Found a viscous altar of Jiyva.
    64 | D        | Found a glowing silver altar of Zin.
    64 | D        | Found a bloodstained altar of Trog.
    64 | D        | Found an ancient bone altar of Kikubaaqudgha.
    65 | D        | Found a hide-covered altar of Uskayaw.
    65 | D        | Found a corrupted altar of Lugonu.
    65 | D        | Found a shadowy altar of Dithmenos.
    66 | D        | Found a radiant altar of Vehumet.
    66 | D        | Found a burning altar of Makhleb.
    66 | D        | Found a white marble altar of Elyvilon.
    67 | D        | Found a sparkling altar of Nemelex Xobeh.
    67 | D        | Found a blossoming altar of Fedhas.
    69 | D        | Found an iron altar of Okawaru.
    69 | D        | Found an opulent altar of Gozag.
    69 | D        | Found a hazy altar of Hepliaklqana.
    69 | D        | Found a snail-covered altar of Cheibriados.
    74 | D        | Became a worshipper of Sif Muna the Loreminder
    86 | D        | Noticed a kraken
    89 | D        | Mangled by a tentacle

Illustrated notes

Levels and vault maps discovered:
D:        the_violet_keep_of_menkaure [sprint2_stairs_cluster_1,
          sprint2_shoproom, sprint2_temple, sprint2_basic_supplies,
          sprint2_obstacle_7, sprint2_obstacle_6, sprint2_obstacle_3,
          sprint2_obstacle_4, sprint2_obstacle_2, sprint2_timed_cluster_1,
          sprint2_smallroom_cluster_1, sprint2_smallroom_final_cluster_1,
          sprint2_transparent_cluster_1, sprint2_second_timed_cluster_1,
          sprint2_sniper_area_1, sprint2_heavy_combat_area_1,
          sprint2_mutation_trap_area_1, sprint2_forest_area_1,
          sprint2_light_combat_area_1, sprint2_behind_water_1,
          sprint2_near_end_vault_1]

Skill      XL: |  1  2  3  4  5  6 |
---------------+-------------------+-----
Dodging        | 3 4 5 |  5.6
Stealth        | 4 5 |  5.0
Spellcasting   | 3 4 5 |  5.4
Fire Magic     | 6 7 8 |  8.4
Unarmed Combat | 1 |  1.2
Conjurations   | 2 4 5 6 |  6.3

Action                     |  1- 3 |  4- 6 || total
---------------------------+-------+-------++-------
  Melee: Unarmed           |     8 |     7 ||    15
         Constrict         |     1 |     2 ||     3
         Tentacles         |     1 |     2 ||     3
   Cast: Foxfire           |     1 |     3 ||     4
    Use: Potion            |     2 |     1 ||     3
 Armour: Skin              |     2 |     8 ||    10
  Dodge: Dodged            |     4 |     3 ||     7

Table legend: (Time is in decaauts)
 A = Elapsed time spent in this place.
 B = Non-inter-level travel time spent in this place.
 C = Inter-level travel time spent in this place.
 D = Time resting spent in this place.
 E = Time spent auto-exploring this place.
 F = Levels seen in this place.
 G = Mean time per level.
                   A        B        C        D        E       F      G
               +--------+--------+--------+--------+--------+-----+--------+
         Total |     82 |     82 |      0 |      0 |      0 |   1 |   82.0 |
       Dungeon |     82 |     82 |      0 |      0 |      0 |   1 |   82.0 |
               +--------+--------+--------+--------+--------+-----+--------+

Top non-repeatable levels by time:
       D: 82 daAuts
